AoeStats
← CMD_UnknowN

Arabia

505929888Analyzed
1v1 RM · 20d ago on Sep 11, 2026· 34m 14s· 2 players
Game mode
Random Map
Map size
Tiny (2 player)
Population
200
Speed
Normal
Resources
Standard
Victory
Conquest
Starting age
Dark Age
Ending age
Imperial Age
RankedLock teamsTeams togetherTeam positionsShared explorationLock speedFull tech treeHidden civsTurbo modeCheats
Victory
Defeat
🇺🇸 Saracens · United States
1218
+17
🇺🇸 Sicilians · United States
1242
-17
Age of Saracens
5:04 Loom
9:29 Feudal Age
10:29 Double-Bit Axe
12:18 Padded Archer Armor
13:05 Fletching
28:57 Castle Age
28:58 Crossbowman
29:35 Bodkin Arrow
CMD_UnknowN
6:40 Loom
9:30 Feudal Age
10:05 Double-Bit Axe
13:01 Horse Collar
20:45 Castle Age
27:38 Elite Skirmisher
30:20 Fletching
32:03 Padded Archer Armor
33:27 Bodkin Arrow
34:58 Leather Archer Armor
Connection lost

Rejoining the realm…

Still unreachable

The connection could not be restored.

Session expired

The server has moved on; the page needs a fresh start.